Map: Lost and Found LE

Players

DrReaper

  • Race: Protoss Protoss
  • League: Platinum
  • Spawn Location: 1:00

Kallestål - Winner!

  • Race: Protoss Protoss
  • Spawn Location: 7:00

VOD

Have the link to the VOD?

Description

the unfortunate fate of a lone probe in this somewhat average game

Time

  • Played on: Sept. 29, 2018, 3:25 p.m.
  • Length: 12:17
Show
View Real Time Build Order
Export as new Build Order

DrReaper Protoss 

Build Orders:  

Get SALT Encoding   

  12  0:01  Probe  
  13  0:13  Probe  
  14  0:20  Pylon  
  14  0:30  Probe  
  15  0:42  Gateway, Probe  
  15  0:47  Assimilator  
  16  0:50  Probe  
  17  0:58  Assimilator, Probe  
  18  1:12  Probe  
  19  1:20  Probe  
  19  1:21  Gateway  
  20  1:34  Cybernetics Core  
  20  1:39  Pylon  
  20  1:43  Probe  
  21  1:55  Probe  
  21  2:01  Warp Gate, Gateway  
  22  2:12  Stalker  
  24  2:20  Adept  
  26  2:32  Robotics Facility  
  26  2:38  Probe  
  27  2:49  Sentry  
  27  2:50  Probe  
  30  2:59  Pylon  
  30  3:15  Immortal  
  30  3:17  Zealot  
  36  3:23  Stalker  
  38  3:36  Pylon  
  38  3:49  Immortal  
  38  3:54  Stalker  
  38  5:21  Nexus  
  38  5:23  Immortal  
  38  5:24  Pylon  
  38  5:26  Pylon  
  42  5:28  Assimilator  
  42  5:31  Assimilator  
  42  5:32  Stargate  
  42  5:33  Stargate  
  42  5:34  Probe  
  43  5:35  Pylon  
  43  5:36  Pylon  
  43  5:46  Probe  
  44  5:54  Probe  
  44  6:02  Probe  
  44  6:07  Void Ray x2  
  44  6:10  Stalker  
  47  6:13  Probe  
  56  6:30  Twilight Council  
  56  6:31  Probe  
  56  6:35  Probe  
  58  6:40  Probe  
  59  6:47  Probe  
  59  6:49  Probe  
  59  6:53  Shield Battery  
  61  6:56  Shield Battery  
  61  7:03  Shield Battery  
  37  7:23  Probe  
  37  7:26  Probe  
  39  7:31  Probe  
  40  7:38  Probe  
  40  7:39  Probe  
  42  7:47  Probe  
  42  7:50  Probe  
  44  7:55  Probe  
  44  8:02  Probe  
  46  8:07  Probe  
  47  8:14  Probe  
  48  8:28  Stalker  
  48  8:29  Stalker x2  
  42  8:50  Phoenix x2  
  45  9:07  Probe  
  46  9:26  Probe  
  47  9:34  Probe  
  48  9:43  Probe  
  45  10:01  Phoenix  
  45  10:05  Probe  
  48  10:10  Probe  
  49  10:17  Probe  
  49  10:18  Probe  
  50  10:27  Probe  
  52  10:37  Probe x2  
  54  10:45  Probe x2  
  56  10:54  Probe  
  56  10:55  Probe  
  58  11:06  Probe  
Show
View Real Time Build Order
Export as new Build Order

Kallestål Protoss - Winner!

Build Orders:  

Get SALT Encoding   

  12  0:00  Probe  
  13  0:12  Probe  
  14  0:20  Pylon  
  14  0:24  Probe  
  15  0:34  Probe  
  16  0:43  Probe  
  17  0:55  Probe  
  18  1:02  Forge  
  18  1:17  Nexus  
  18  1:18  Probe  
  19  1:30  Pylon  
  19  1:35  Pylon  
  19  1:36  Probe  
  20  1:41  Assimilator  
  20  1:43  Assimilator  
  20  1:48  Probe  
  21  1:58  Photon Cannon  
  21  2:06  Probe  
  21  2:07  Gateway  
  22  2:14  Probe  
  23  2:25  Probe  
  24  2:35  Pylon  
  24  2:36  Pylon  
  24  2:41  Pylon  
  24  2:44  Pylon  
  24  2:46  Probe  
  25  2:59  Cybernetics Core  
  25  3:02  Probe x2  
  27  3:12  Zealot  
  29  3:14  Probe  
  29  3:15  Probe  
  31  3:39  Zealot  
  33  3:42  Stargate x2  
  33  3:47  Probe x2  
  35  4:09  Shield Battery  
  33  4:13  Photon Cannon  
  33  4:15  Shield Battery  
  31  4:18  Probe  
  34  4:33  Probe  
  35  4:40  Nexus  
  33  4:46  Photon Cannon  
  33  4:49  Oracle  
  33  4:53  Pylon  
  33  4:59  Oracle  
  38  5:29  Pylon  
  38  5:31  Photon Cannon  
  38  5:33  Oracle  
  41  5:46  Oracle  
  41  5:48  Protoss Air Weapons Level 1  
  41  5:54  Probe  
  45  5:59  Protoss Shields Level 1  
  45  6:06  Photon Cannon, Probe  
  45  6:10  Shield Battery  
  46  6:13  Probe  
  46  6:15  Oracle  
  50  6:18  Probe  
  51  6:37  Probe  
  51  6:38  Probe  
  51  6:39  Photon Cannon  
  52  6:45  Probe  
  53  6:47  Oracle  
  53  6:50  Probe  
  58  6:55  Probe  
  59  7:25  Phoenix x2  
  63  7:32  Assimilator  
  63  7:33  Assimilator  
  63  7:39  Probe  
  63  7:41  Probe  
  65  7:47  Nexus  
  65  7:50  Assimilator, Phoenix  
  67  7:52  Probe  
  67  7:54  Assimilator  
  68  7:59  Pylon  
  68  8:01  Pylon  
  68  8:11  Shield Battery  
  68  8:16  Probe x2  
  68  8:18  Phoenix  
  68  8:19  Phoenix  
  74  8:28  Nexus, Probe  
  74  8:31  Assimilator  
  74  8:33  Probe  
  74  8:34  Assimilator  
  76  8:37  Pylon  
  76  8:38  Pylon  
  76  8:40  Probe  
  77  8:45  Probe  
  77  8:47  Phoenix x2  
  82  8:52  Probe  
  83  9:12  Phoenix  
  85  9:33  Photon Cannon, Phoenix  
  85  9:34  Photon Cannon  
  85  9:36  Shield Battery  
  85  9:37  Phoenix  
  85  9:38  Shield Battery  
  86  9:40  Protoss Air Armor Level 1  
  86  9:56  Probe x3  
  89  10:11  Pylon  
  89  10:12  Pylon  
  89  10:18  Probe x3  
  92  10:25  Twilight Council  
  92  10:27  Probe, Pylon  
  93  10:28  Pylon, Phoenix  
  93  10:30  Probe x3  
  93  10:35  Photon Cannon  
  98  10:39  Probe  
  98  10:42  Probe x3  
  102  11:06  Phoenix x2  
  92  11:23  Gateway, Probe x4  
  92  11:24  Gateway  
  93  11:31  Phoenix x2  
  97  11:35  Probe  
  98  11:46  Stargate  
  98  11:47  Stargate  
  98  11:50  Stargate  
  98  11:54  Stargate  
  98  11:57  Stargate  
  98  11:58  Stargate  
Tags
 
League
Platinum
Matchup
PvP
Spawn Locations
Cross Positions
Add a new tag
Caveats
  • Supply blocks, unpowered buildings, or Contaminate may cause inaccurate times.
  • Supply counts are checked every 10 seconds.